 Dungeon Crawl Stone Soup version 0.31-a0-700-gf13585253f (webtiles) character file.

Game seed: 10849803237485714104

142 qw the Shooter (level 5, -2/32 HPs)
             Began as a Gargoyle Hunter on Sept 7, 2023.
             Slain by a black bear (5 damage)
             ... on level 4 of the Dungeon.
             The game lasted 00:00:45 (2078 turns).

qw the Shooter (Gargoyle Hunter)                    Turns: 2078, Time: 00:00:46

Health: -2/32      AC:  9    Str: 14    XL:     5   Next: 24%
Magic:  5/5        EV: 10    Int: 10    God:
Gold:   143        SH:  0    Dex: 15    Spells: 4/4 levels left

rFire   . . .        i - +0 shortbow (heavy)
rCold   + . .        (shield currently unavailable)
rNeg    + . .        e - +0 ring mail
rPois   inf          (no helmet)
rElec   +            (no cloak)
rCorr   .            (no gloves)
SInv    .            (no boots)
Will    .....        (no amulet)
Stlth   +            b - ring of protection from cold
HPRegen 0.25/turn    (no ring)
MPRegen 0.09/turn

%: no passive effects
@: no status effects
A: sickness immunity, AC +4, negative energy resistance 1, electricity
resistance, torment resistance 1, petrification resistance
a: no special abilities


You were on level 4 of the Dungeon.
You visited 1 branch of the dungeon, and saw 4 of its levels.

You collected 143 gold pieces.


Innate Abilities, Weirdness & Mutations

You are immune to sickness and miasma.
Your stone body is resilient. (AC +4)
You are immune to poison.
You resist negative energy. (rN+)
You are resistant to electric shocks. (rElec)
You are resistant to unholy torment.
You are immune to petrification.


   Skills:
 - Level 3.4 Fighting
 + Level 5.7 Ranged Weapons
 - Level 1.0 Armour
 - Level 1.5 Dodging
 - Level 1.1 Stealth


You had 4 spell levels left.
You didn't know any spells.
Your spell library was empty.

Inventory:

Hand Weapons
 i - a +0 heavy shortbow (weapon)
Armour
 d - a +0 cloak
 e - a +0 ring mail (worn)
Jewellery
 b - a ring of protection from cold (left hand)
Scrolls
 c - a scroll of amnesia {unknown}
 g - a scroll of brand weapon
Potions
 a - a potion of ambrosia {unknown}
 h - a potion of resistance {unknown}

Dungeon Overview and Level Annotations

Branches:
Dungeon (4/15)
 Temple: D:4-7

Altars:
Fedhas


Message History

The endoplasm hits you but does no damage. x2
You shoot an arrow. The arrow hits the endoplasm!
You kill the endoplasm!
You start resting.
HP restored.
c - a scroll labelled MAATROAKHUK
Found a stone staircase leading down.
You now have 143 gold pieces (gained 12).
Found a ring mail.
A ball python comes into view.
The ball python hisses angrily.
You shoot an arrow. The arrow hits the ball python.
The ball python is moderately wounded.
The ball python bites you but does no damage.
The ball python grabs you. The ball python constricts you.
You shoot an arrow. The arrow hits the ball python.
You kill the ball python!
d - a +0 cloak
Found a blossoming altar of Fedhas.
A black bear comes into view.
You shoot an arrow. The arrow hits the black bear!
The black bear growls angrily.
The black bear is heavily wounded.
You shoot an arrow. The arrow hits the black bear!
The black bear is almost dead.
The black bear goes berserk!
The black bear closely misses you.
The black bear claws you but does no damage.
The black bear closely misses you.
You shoot an arrow. The arrow hits the black bear.
The black bear is almost dead.
The black bear bites you!
The black bear claws you but does no damage.
The black bear claws you. The black bear bites you.
The black bear claws you but does no damage.
The black bear claws you.
You shoot an arrow.
The arrow completely misses the black bear.
The black bear closely misses you. The black bear claws you. x2
The black bear bites you.
You die...

#..# #.#.# ..#..#..##...........
#..###.#.###.........#.........##
.................................
.................................
...........##.#.#...#.....##...##
#..###.............. ..... .....
#..# ###.#.#####.. ...## #..#
#.#.# #.#### ..... #..#####...#
###@h..# ...## ...........#
#...##.# ...........###....#.#.
.######.#......_.....
#....#.#....### #.#..#.##...#
#.#..#....### .....####.# .#.#...
..#


You could see a black bear (berserk).

Vanquished Creatures
  Ijyb (D:3)
  An iguana (D:4)
  An orc wizard (D:3)
  An adder (D:3)
  2 dart slugs
  5 orcs (D:3)
  4 ball pythons
  3 endoplasms
  4 giant cockroaches
  5 hobgoblins
  3 quokkas
  5 bats
  3 goblins
  4 kobolds
  6 rats
48 creatures vanquished.

Notes
Turn   | Place    | Note
-------+----------+-------------------------------------------
     0 | D:1      | qw the Gargoyle Hunter began the quest for the Orb.
     0 | D:1      | Reached XP level 1. HP: 12/12 MP: 1/1
     0 | D:1      | 0 ||| qw: Version: 0.3-a-76-g4403597
     0 | D:1      | 0 ||| qw: Game counter: 526
     0 | D:1      | 0 ||| qw: Melee chars always use a shield: true
     0 | D:1      | 0 ||| qw: God list: Okawaru
     0 | D:1      | 0 ||| qw: Allow faded altars: false
     0 | D:1      | 0 ||| qw: Do Orc after clearing Dungeon:15 true
     0 | D:1      | 0 ||| qw: Do second Lair branch before Depths: true
     0 | D:1      | 0 ||| qw: Lair rune preference: random
     0 | D:1      | 0 ||| qw: Goals: Normal
     0 | D:1      | 0 ||| PLANNING D:1-11
   126 | D:1      | Reached XP level 2. HP: 17/17 MP: 2/2
   636 | D:1      | 636 ||| UPGRADING to +0 ring mail.
   646 | D:1      | 646 ||| DROPPING +0 leather armour.
   647 | D:1      | 647 ||| READING 3 scrolls labelled TOCHOF YPHUQE.
   648 | D:1      | 648 ||| DRINKING 2 amethyst potions.
   649 | D:1      | 649 ||| DROPPING 2 scrolls of immolation.
   650 | D:1      | 650 ||| DROPPING scroll of butterflies.
   651 | D:1      | 651 ||| DROPPING potion of brilliance.
   751 | D:2      | Reached skill level 1 in Armour
   751 | D:2      | Reached XP level 3. HP: 21/21 MP: 3/3
   961 | D:2      | Reached skill level 5 in Ranged Weapons
  1055 | D:2      | 1055 ||| UPGRADING to ring of protection from cold.
  1056 | D:2      | 1056 ||| READING 4 scrolls labelled JIORUD YTY.
  1057 | D:2      | 1057 ||| READING 2 scrolls labelled AXKUOGGAIDI.
  1058 | D:2      | 1058 ||| DRINKING 2 metallic golden potions.
  1059 | D:2      | 1059 ||| DROPPING 3 scrolls of vulnerability.
  1060 | D:2      | 1060 ||| DROPPING scroll of revelation.
  1292 | D:3      | Noticed Ijyb
  1295 | D:3      | 1295 ||| FLEEEEING.
  1296 | D:3      | 1296 ||| FLEEEEING.
  1297 | D:3      | 1297 ||| FLEEEEING.
  1305 | D:3      | HP: 5/22 [Ijyb/+2 dagger of venom (3)]
  1307 | D:3      | Killed Ijyb
  1308 | D:3      | Reached skill level 3 in Fighting
  1308 | D:3      | Reached XP level 4. HP: 5/28 MP: 4/4
  1310 | D:3      | HP: 4/28 [giant cockroach (1)]
  1510 | D:3      | 1510 ||| DRINKING potion of curing.
  1510 | D:3      | 1510 ||| (to cure confusion)
  1916 | D:3      | 1916 ||| READING 2 scrolls labelled JULIDA MECU.
  1917 | D:3      | 1917 ||| READING scroll labelled COGON SIGHADD.
  1918 | D:3      | 1918 ||| READING 2 scrolls labelled MUUNLU OHIFFU.
  1919 | D:3      | 1919 ||| READING scroll labelled FAESEI VEBINYA.
  1920 | D:3      | 1920 ||| DROPPING scroll of blinking.
  1977 | D:4      | Reached XP level 5. HP: 25/32 MP: 5/5
  2065 | D:4      | Found a blossoming altar of Fedhas.
  2074 | D:4      | Noticed a black bear
  2078 | D:4      | HP: 3/32 [black bear (6)]
  2078 | D:4      | Slain by a black bear

Levels and vault maps discovered:
D:1:      beargit_arrival_greenhouse, layout_loops_ring, nicolae_titane
D:2:      layout_rooms, serial_forest, infiniplex_forest_straight_5,
          infiniplex_forest_straight_2, infiniplex_forest_straight_4,
          infiniplex_forest_lined_3, infiniplex_forest_lined_room_,
          infiniplex_forest_lined_3, infiniplex_forest_corner_1,
          infiniplex_forest_zigzag_1
D:3:      layout_basic, uniq_ijyb
D:4:      layout_basic, dreamdust_divine_triumvirate,
          nicolae_overflow_crystal_walls, nzn_wu_jian_contemplation,
          minmay_temple_entry_fiery, gammafunk_ghost_icy

Skill      XL: |  1  2  3 |
---------------+----------+-----
Armour         | 1 |  1.0
Ranged Weapons | 5 |  5.7
Fighting       | 3 |  3.4
Dodging        | |  1.5
Stealth        | |  1.1

Action                     |  1- 3 |  4- 6 || total
---------------------------+-------+-------++-------
   Fire: Shortbow          |   108 |    39 ||   147
    Use: Scroll            |     3 |     4 ||     7
         Potion            |     2 |     1 ||     3
 Armour: Leather armour    |     6 |       ||     6
         Ring mail         |    16 |    30 ||    46
  Dodge: Dodged            |    22 |    23 ||    45

Table legend:
 A = Non-vault XP
 B = Vault XP
 C = Vault XP percentage of total XP
 D = Non-vault monster count
 E = Vault monster count
 F = Vault count percentage of total count
                 A         B        C        D         E       F
            +---------+---------+-------+---------+---------+-------
      Total |     167 |      36 |  17.7 |      47 |       1 |   2.1
            +---------+---------+-------+---------+---------+-------
        D:1 |      24 |       0 |   0.0 |      14 |       0 |   0.0
        D:2 |      31 |       0 |   0.0 |      16 |       0 |   0.0
        D:3 |      73 |      36 |  33.0 |      14 |       1 |   6.7
        D:4 |      39 |       0 |   0.0 |       3 |       0 |   0.0
            +---------+---------+-------+---------+---------+-------
